 Dungeon Crawl Stone Soup version 0.31-a0-234-gad7ace16ef (webtiles) character file.

Game seed: 3740975557194392386

658 qw the Shooter (level 7, -4/43 HPs)
             Began as a Gargoyle Hexslinger on July 9, 2023.
             Was an Initiate of Okawaru.
             Slain by Edmund
             ... wielding a +2 flail of protection
              (10 damage)
             ... on level 5 of the Dungeon.
             The game lasted 00:01:47 (3953 turns).

qw the Shooter (Gargoyle Hexslinger)                Turns: 3953, Time: 00:01:47

Health: -4/43      AC: 10    Str: 16    XL:     7   Next: 55%
Magic:  8/8        EV: 11    Int: 14    God:    Okawaru [......]
Gold:   309        SH:  0    Dex: 14    Spells: 7/8 levels left

rFire   . . .        Y - +1 sling
rCold   . . .        (no shield)
rNeg    + . .        d - +0 ring mail of the Wicked God {rPois Str+5}
rPois   inf          (no helmet)
rElec   +            (no cloak)
rCorr   .            (no gloves)
SInv    .            (no boots)
Will    +....        (no amulet)
Stlth   +            b - ring of willpower
HPRegen 0.27/turn    (no ring)
MPRegen 0.11/turn

%: no passive effects
@: no status effects
A: sickness immunity, AC +4, negative energy resistance 1, electricity
resistance, torment resistance 1, petrification resistance
a: Renounce Religion


You were on level 5 of the Dungeon.
You worshipped Okawaru.
Okawaru was noncommittal.
You visited 2 branches of the dungeon, and saw 6 of its levels.

You collected 309 gold pieces.


Innate Abilities, Weirdness & Mutations

You are immune to sickness and miasma.
Your stone body is resilient. (AC +4)
You are immune to poison.
You resist negative energy. (rN+)
You are resistant to electric shocks. (rElec)
You are resistant to unholy torment.
You are immune to petrification.


   Skills:
 - Level 4.0 Fighting
 + Level 7.2 Ranged Weapons
 - Level 1.0 Armour
 - Level 1.5 Dodging
 - Level 1.0 Spellcasting
 - Level 2.6 Hexes


You had 7 spell levels left.
You knew the following spells:

 Your Spells              Type           Power      Damage    Failure   Level
a - Slow                  Hex            32%        N/A       17%         1

Your spell library contained the following spells:

 Spells                   Type           Power      Damage    Failure   Level
 Inner Flame              Hex/Fire       4%         N/A       65%         3
 Portal Projectile        Hex/Tloc       8%         N/A       65%         3
 Cause Fear               Hex            4%         N/A       86%         4

Inventory:

Hand Weapons
 Y - a +1 sling (weapon)
Armour
 d - the +0 ring mail of the Wicked God (worn) {rPois Str+5}
   (You found it on level 2 of the Dungeon)

   Str:       It affects your strength (+5).
   rPois:     It protects you from poison.
Jewellery
 b - a ring of willpower (left hand)
Scrolls
 a - a scroll of identify
Potions
 e - a potion of heal wounds {unknown}
 f - a potion of magic {unknown}
 g - a potion of haste {unknown}

Dungeon Overview and Level Annotations

Branches:
Dungeon (5/15)             Temple (1/1) D:5

Altars:
Ashenzari
Cheibriados
Dithmenos
Fedhas
Gozag
Hepliaklqana
Kikubaaqudgha
Makhleb
Nemelex Xobeh
Okawaru
Qazlal
Sif Muna
Uskayaw
Wu Jian
Xom
Yredelemnul

Annotations:
D:3 1 runed translucent door, Crazy Yiuf
D:5 Edmund


Message History

Deactivating autopickup; reactivate with Ctrl-A.
Edmund hits you with a +2 flail of protection.
You shoot a sling bullet. The sling bullet closely misses Edmund.
Edmund hits you but does no damage.
You shoot a sling bullet. The sling bullet barely misses Edmund.
Edmund hits you with a +2 flail of protection.
You shoot a sling bullet. The sling bullet barely misses Edmund.
An orc comes into view. It is wielding a +0 hand axe.
Edmund closely misses you.
You shoot a sling bullet. The orc shouts!
The sling bullet hits Edmund.
Edmund is lightly wounded.
Something barely misses you.
Edmund hits you with a +2 flail of protection.
You shoot a sling bullet.
The sling bullet hits Edmund but does no damage.
Edmund is lightly wounded.
Edmund hits you with a +2 flail of protection!
Something hits you.
You shoot a sling bullet.
The sling bullet hits Edmund but does no damage.
Edmund is lightly wounded.
Something hits you but does no damage.
Edmund hits you with a +2 flail of protection.
You shoot a sling bullet.
The sling bullet hits Edmund but does no damage.
Edmund is lightly wounded.
Edmund hits you with a +2 flail of protection.
You shoot a sling bullet. The sling bullet hits Edmund!
Edmund is moderately wounded.
The quokka barely misses you. Something hits you.
Edmund whines, "My parents never had time for me!"
Edmund hits you with a +2 flail of protection.
The quokka bites you but does no damage.
You shoot a sling bullet. The sling bullet barely misses Edmund.
The sling bullet hits the orc but does no damage.
Something hits you but does no damage.
Edmund hits you with a +2 flail of protection!
You die...

.%..............##
.#...#)..#.}.#...###
##.....#.......#...##
#...#...}.>.}...#..#
##.....#.......#....#
.#.......#.}.#......#
.#.....#...........##
.#.....##.#.#......#
##.....##......{@..#
#.....###.#...r@###
#.....# #...##.o#
#### .... #..#. ...
#. .... . ..... .#


You could see Edmund, an orc and a quokka.

Vanquished Creatures
  A black bear (D:5)
  2 ogres (D:5)
  A phantom (D:5)
  A scorpion (D:4)
  2 hounds (D:5)
  Jessica (D:2)
  A sleepcap (D:4)
  5 adders
  An ufetubus (D:4)
  3 worms
  4 dart slugs
  7 orcs
  3 ball pythons
  10 endoplasms
  6 giant cockroaches
  3 goblins (D:4)
  6 hobgoblins
  10 jackals
  3 kobolds
  4 quokkas
  8 bats
  A frilled lizard (D:1)
  9 rats
92 creatures vanquished.

Notes
Turn   | Place    | Note
-------+----------+-------------------------------------------
     0 | D:1      | qw the Gargoyle Hexslinger began the quest for the Orb.
     0 | D:1      | Reached XP level 1. HP: 12/12 MP: 2/2
     0 | D:1      | 0 ||| qw: Version: 0.3-a-51-g015441d
     0 | D:1      | 0 ||| qw: Game counter: 4258
     0 | D:1      | 0 ||| qw: Melee chars always use a shield: true
     0 | D:1      | 0 ||| qw: God list: Okawaru
     0 | D:1      | 0 ||| qw: Allow faded altars: false
     0 | D:1      | 0 ||| qw: Do Orc after clearing Dungeon:15 true
     0 | D:1      | 0 ||| qw: Do second Lair branch before Depths: true
     0 | D:1      | 0 ||| qw: Lair rune preference: random
     0 | D:1      | 0 ||| qw: Goals: Normal
     0 | D:1      | 0 ||| PLANNING D:1-11
   146 | D:1      | Reached XP level 2. HP: 16/16 MP: 3/3
   276 | D:1      | Reached skill level 3 in Ranged Weapons
   430 | D:1      | Found a faded altar of an unknown god.
   535 | D:1      | Reached XP level 3. HP: 21/21 MP: 4/4
   788 | D:1      | 788 ||| UPGRADING to +0 ring mail.
   798 | D:1      | 798 ||| DROPPING +0 robe.
   799 | D:1      | 799 ||| READING scroll labelled ALOAHUF FIFI.
   800 | D:1      | 800 ||| READING scroll labelled WOJUPR LYNO.
   801 | D:1      | 801 ||| READING scroll labelled NITZAR DOYMUDE.
   817 | D:1      | 817 ||| DROPPING scroll of poison.
   872 | D:2      | Noticed Jessica
   873 | D:2      | 873 ||| Stepping ~*~*~tactically~*~*~ (water).
   877 | D:2      | HP: 5/21 [Jessica/nerve-wracking pain (6)]
   878 | D:2      | Killed Jessica
   979 | D:2      | Reached XP level 4. HP: 26/26 MP: 5/5
  1153 | D:2      | Reached skill level 4 in Ranged Weapons
  1298 | D:2      | Found a hide-covered altar of Uskayaw.
  1456 | D:2      | Reached skill level 1 in Armour
  1747 | D:2      | Identified the +0 ring mail of the Wicked God {rPois Str+5}
  1856 | D:2      | 1856 ||| UPGRADING to +0 ring mail of the Wicked God {rPois
                  | Str+5}.
  1866 | D:2      | 1866 ||| DROPPING +0 ring mail.
  1867 | D:2      | 1867 ||| READING 2 scrolls labelled AWEIDI CITUKKAKH.
  1868 | D:2      | 1868 ||| READING scroll labelled ACKIPO DEPTEDE.
  2154 | D:3      | Reached XP level 5. HP: 30/30 MP: 6/6
  2502 | D:3      | Found a runed translucent door.
  2503 | D:3      | Noticed Crazy Yiuf
  2506 | D:3      | 2506 ||| READING scroll labelled OGAUSCH DULAULI.
  2507 | D:3      | 2507 ||| READING scroll labelled IKIWUU WEARGH.
  2508 | D:3      | 2508 ||| READING scroll labelled ETEBUCZ CANUS.
  2509 | D:3      | 2509 ||| READING 2 scrolls of identify.
  2509 | D:3      | 2509 ||| IDENTIFYING fuming ruby potion
  2510 | D:3      | 2510 ||| DROPPING potion of brilliance.
  2621 | D:4      | Reached skill level 5 in Ranged Weapons
  2747 | D:4      | Reached XP level 6. HP: 36/36 MP: 7/7
  2759 | D:4      | Found a hazy altar of Hepliaklqana.
  2766 | D:4      | Reached skill level 3 in Fighting
  3085 | D:4      | Found a stormy altar of Qazlal.
  3087 | D:4      | Noticed an air elemental
  3088 | D:4      | Noticed a water elemental
  3088 | D:4      | Noticed a fire elemental
  3277 | D:4      | 3277 ||| UPGRADING to ring of willpower.
  3278 | D:4      | 3278 ||| READING 2 scrolls labelled JYSUNY ECKU.
  3279 | D:4      | 3279 ||| DROPPING scroll of amnesia.
  3298 | D:5      | Entered Level 5 of the Dungeon
  3390 | D:5      | Noticed a black bear
  3396 | D:5      | Killed a black bear
  3397 | D:5      | Reached skill level 6 in Ranged Weapons
  3420 | D:5      | Reached XP level 7. HP: 16/43 MP: 8/8
  3615 | D:5      | Found an ornate altar of the Wu Jian Council.
  3619 | D:5      | Found a staircase to the Ecumenical Temple.
  3620 | D:5      | 3620 ||| PLANNING TEMPLE
  3629 | D:5      | Reached skill level 7 in Ranged Weapons
  3703 | Temple   | Entered the Ecumenical Temple
  3815 | Temple   | 3815 ||| PLANNING OKAWARU WORSHIP
  3903 | Temple   | Became a worshipper of Warmaster Okawaru
  3904 | Temple   | 3904 ||| PLANNING D:1-11
  3938 | D:5      | Noticed Edmund
  3952 | D:5      | HP: 6/43 [Edmund/+2 flail of protection (5)]
  3953 | D:5      | Slain by Edmund

Levels and vault maps discovered:
D:1:      dpeg_arrival_prison, layout_basic, chequers_ecumenical_altar_grove
D:2:      wander_river, layout_loops_corners, basic_altar, uniq_jessica
D:3:      layout_basic, uniq_crazy_yiuf_cottage
D:4:      layout_basic, nicolae_qazlal_style_of_elements,
          nicolae_overflow_crystal_walls
D:5:      kennysheep_six_static_rooms, layout_basic,
          mainiacjoe_overflow_tiny_flanked, minmay_temple_entry_sparse_star,
          chequers_serial_rivers_small_b, minmay_misc_feat_tower,
          guppyfry_early_orc_mine, uniq_edmund
Temple:   nicolae_temple_slightly_damp_pantheon

Skill      XL: |  1  2  3  4  5  6  7 |
---------------+----------------------+-----
Ranged Weapons | 3 4 5 6 7 |  7.2
Fighting       | 2 4 |  4.0
Armour         | 1 |  1.0
Dodging        | |  1.5
Spellcasting   | |  1.0
Hexes          | |  2.6

Action                     |  1- 3 |  4- 6 |  7- 9 || total
---------------------------+-------+-------+-------++-------
   Fire: Sling             |    95 |   308 |    49 ||   452
    Use: Scroll            |     3 |     7 |       ||    10
 Armour: Robe              |    19 |       |       ||    19
         Ring mail         |     1 |   103 |    11 ||   115
  Dodge: Dodged            |    34 |   124 |    12 ||   170

Table legend:
 A = Non-vault XP
 B = Vault XP
 C = Vault XP percentage of total XP
 D = Non-vault monster count
 E = Vault monster count
 F = Vault count percentage of total count
                 A         B        C        D         E       F
            +---------+---------+-------+---------+---------+-------
      Total |     542 |     399 |  42.4 |      84 |       8 |   8.7
            +---------+---------+-------+---------+---------+-------
        D:1 |      35 |       2 |   5.4 |      21 |       2 |   8.7
        D:2 |      57 |      37 |  39.4 |      21 |       1 |   4.5
        D:3 |      66 |       0 |   0.0 |      18 |       0 |   0.0
        D:4 |     182 |       0 |   0.0 |      19 |       0 |   0.0
        D:5 |     202 |     360 |  64.1 |       5 |       5 |  50.0
            +---------+---------+-------+---------+---------+-------
